 Dungeon Crawl Stone Soup version 0.21.1-1-g345015f (webtiles) character file.

49 wojtek the Chopper (level 3, -5/31 HPs)
             Began as a Minotaur Fighter on July 10, 2018.
             Slain by Natasha (7 damage)
             ... on level 2 of the Dungeon.
             The game lasted 00:01:23 (887 turns).

wojtek the Chopper (Minotaur Fighter)                Turns: 887, Time: 00:01:23

Health: -5/31      AC:  6    Str: 21    XL:     3   Next: 51%
Magic:  2/2        EV:  7    Int:  5    God:
Gold:   101        SH:  9    Dex:  9    Spells: 2/2 levels left

rFire    . . .     SeeInvis .   a - +0 war axe
rCold    . . .     Gourm    +   c - +0 shield
rNeg     + . .     Faith    .   b - +0 scale mail
rPois    .         Spirit   .   (helmet restricted)
rElec    .         Reflect  .   (no cloak)
rCorr    .         Harm     .   (no gloves)
MR       .....                  (no boots)
Stlth    ..........             k - amulet of the gourmand
HPRegen  0.10/turn              i - ring of flight
MPRegen  0.08/turn              p - ring of positive energy

@: drained
A: retaliatory headbutt, horns 2
a: Evoke Flight


You were on level 2 of the Dungeon.
You were full.

You visited 1 branch of the dungeon, and saw 2 of its levels.

You collected 101 gold pieces.

Inventory:

Hand Weapons
 a - a +0 war axe (weapon)
Armour
 b - a +0 scale mail (worn)
 c - a +0 shield (worn)
Jewellery
 i - a ring of flight (left hand)
 k - an amulet of the gourmand (around neck)
 p - a ring of positive energy (right hand)
Scrolls
 e - a scroll of remove curse {unknown}
 h - 3 scrolls of immolation {unknown}
 n - a scroll of magic mapping {unknown}
 q - a scroll of noise {unknown}
 r - 2 scrolls of identify {unknown}
Potions
 d - 2 potions of might
 g - a potion of degeneration {unknown}
 j - a potion of heal wounds {unknown}
 l - a potion of curing {unknown}
 m - a potion of ambrosia {unknown}
 o - a potion of flight {unknown}
Comestibles
 f - 4 rations


   Skills:
 - Level 3.6(3.5) Fighting
 + Level 4.8(4.7) Axes
 - Level 3.6(3.5) Armour
 - Level 3.6(3.5) Shields


You had 2 spell levels left.
You didn't know any spells.

Dungeon Overview and Level Annotations

Branches:
Dungeon (2/15)

Altars:
Ashenzari
The Shining One

Annotations:
D:2 Natasha


Innate Abilities, Weirdness & Mutations

You reflexively headbutt those who attack you in melee.
You have a pair of horns on your head.


Message History

Natasha claws you.
Found a hand axe.
Found a shattered altar of Ashenzari.
You slash Natasha!
Natasha is severely wounded.
The bat barely misses you. Natasha closely misses you.
You closely miss Natasha.
Natasha is severely wounded.
The bat hits you but does no damage. Natasha claws you. Natasha claws you!
* * * LOW HITPOINT WARNING * * *
You are too injured to fight recklessly!
You closely miss Natasha. Your headbutt misses Natasha.
Natasha is severely wounded.
The bat hits you but does no damage. You block the bat's attack.
Natasha claws you.
* * * LOW HITPOINT WARNING * * *
You hit Natasha.
Natasha is almost dead.
You hit the bat but do no damage. The bat hits you but does no damage.
Natasha claws you!
You die...

#....## #......## #.# #.#..##
##....# ###.....# #.# #....##
#.....## #..#...## #.# #.#.###
##.....## ##.##.## #.###.#.# #
##.....# #.##.# #.......###
###...# #.##.# #####......
#...# ##.##+## . #.#####
##..###..#...#.... #.#
#...####.@h...... #.# ##..##
#.......... ##.##
##....##...b.....####...##
#####8...###...<.....#_+.....##
#...#......#.....%...####.....#
#._.......###.......... ##.##.#
#...#.....# ##........) ####.#
#####8....# ##...#.... #.#
##...## #+# #.#


You could see Natasha and a bat.

Vanquished Creatures
  An ooze (D:1)
  A worm (D:2)
  2 dart slugs (D:1)
  A leopard gecko (D:1)
  9 bats
  4 giant cockroaches
  3 hobgoblins (D:1)
  5 kobolds
  4 frilled lizards
  3 goblins
  3 rats
36 creatures vanquished.

Notes
Turn   | Place    | Note
-------+----------+-------------------------------------------
     0 | D:1      | wojtek the Minotaur Fighter began the quest for the Orb.
     0 | D:1      | Reached XP level 1. HP: 19/19 MP: 0/0
    83 | D:1      | Reached skill level 3 in Axes
    88 | D:1      | Reached XP level 2. HP: 25/26 MP: 1/1
   205 | D:1      | Reached skill level 4 in Axes
   250 | D:1      | Reached XP level 3. HP: 19/31 MP: 2/2
   462 | D:2      | Found a glowing golden altar of the Shining One.
   880 | D:2      | Noticed Natasha
   883 | D:2      | Found a shattered altar of Ashenzari.
   887 | D:2      | Slain by Natasha

Skill      XL: |  1  2 |
---------------+-------+-----
Axes           | 3 4 |  4.8
Fighting       | |  3.6
Armour         | |  3.6
Shields        | |  3.6

Action                   || total
-------------------------++-------
Melee: War axe           ||    69
       Headbutt          ||     9
  Eat: Chunk             ||     9
Armor: Scale mail        ||    32
Dodge: Dodged            ||    28
Block: Shield            ||    47
